 Dungeon Sprint DCSS version 0.20-a0-556-g892c87b (webtiles) character file.

1709 Kidiri the Thaumaturge (level 8, -9/50 HPs)
             Began as a Deep Elf Fire Elementalist on Feb 4, 2017.
             Was a Follower of Vehumet.
             Killed by an exploding ballistomycete spore (27 damage)
             ... in the Dungeon (Sprint I: "Red Sonja").
             The game lasted 00:03:41 (708 turns).

Kidiri the Thaumaturge (Deep Elf Fire Elementalist)  Turns: 708, Time: 00:03:42

Health: -9/50      AC:  4    Str:  5    XL:     8   Next: 74%
Magic:  28/28      EV: 17    Int: 23    God:    Vehumet [*.....]
Gold:   551        SH:  0    Dex: 15    Spells: 17/35 levels left

rFire    . . .     SeeInvis .   (no weapon)
rCold    . . .     Gourm    .   l - +1 robe
rNeg     . . .     Faith    .   (no shield)
rPois    .         Spirit   .   (no helmet)
rElec    .         Reflect  .   (no cloak)
rCorr    .         Harm     .   m - +0 pair of gloves
MR       .....     NoTele   +   (no boots)
Stlth    +.........             (no amulet)
Regen    0.2/turn               (no ring)
                                (no ring)

@: confused
A: no striking features
a: Renounce Religion


You were in the Dungeon.
You worshipped Vehumet.
Vehumet was aware of your devotion.
You were not hungry.

You visited 1 branch You collected 673 gold pieces.
You spent 122 gold pieces at shops.

Inventory:

Armour
 l - a +1 robe (worn)
 m - a +0 pair of gloves (worn)
Scrolls
 a - a scroll of amnesia {unknown}
 i - a scroll of blinking
 k - a scroll of recharging {unknown}
Potions
 d - a potion of curing
 e - a potion of heal wounds
 f - a potion of haste
 g - 3 potions of magic
 h - a potion of berserk rage
Books
 b - a book of Flames

   Spells                             Type                      Level
   a - Flame Tongue                   Conjuration/Fire             1
   b - Throw Flame                    Conjuration/Fire             2
   c - Conjure Flame                  Conjuration/Fire             3
   d - Inner Flame                    Hexes/Fire                   3
   e - Sticky Flame                   Conjuration/Fire             4
   f - Fireball                       Conjuration/Fire             5
Comestibles
 c - 2 bread rations
 j - 6 chunks of flesh


   Skills:
 + Level 5.4 Fighting
 + Level 5.3 Armour
 + Level 8.3 Dodging
 - Level 2.4 Stealth
 * Level 14.3 Spellcasting
 + Level 8.9 Conjurations
 + Level 9.4 Fire Magic


You had 17 spell levels left.
You knew the following spells:

 Your Spells              Type           Power        Failure   Level  Hunger
a - Flame Tongue          Conj/Fire      #####        1%          1    None
b - Throw Flame           Conj/Fire      ######       1%          2    None
c - Conjure Flame         Conj/Fire      ######..     1%          3    None
d - Inner Flame           Hex/Fire       #####...     1%          3    None
e - Sticky Flame          Conj/Fire      ######..     1%          4    None
f - Fireball              Conj/Fire      ######....   2%          5    ###....


Dungeon Overview and Level Annotations

Branches:
Dungeon (1/1)

Altars:
Cheibriados
Dithmenos
Elyvilon
Fedhas
Gozag
Hepliaklqana
Kikubaaqudgha
Makhleb
Nemelex Xobeh
Okawaru
Qazlal
Ru
Sif Muna
Trog
Uskayaw
Vehumet
Xom
Yredelemnul
Zin
The Shining One
Jiyva
Lugonu

Shops:
D (}[


Message History

You close the door.
You see here a +0 troll leather armour.
There is an open door here.
You close the door.
You start resting.
Magic restored.
Unknown command.
You open the door. 2 ballistomycete spores come into view.
The ballistomycete spore waves its rhizomes.
The ballistomycete spore explodes!
The explosion of spores engulfs you!
You are confused.
Ouch! That really hurt!
The explosion of spores engulfs the ballistomycete spore.
The ballistomycete spore explodes!
The explosion of spores engulfs you!
You are more confused.
Ouch! That really hurt!
You die...

#..#__####..##(#
#..#_____##+#..+
#⌠⌠#_.∩..÷+.(._#
####_..__##_.#+##+###
#_____###)#.#.(..###
############.####+###[##
#∩........+...+.[...+.∩#
###++++####...##########
##@## #'# !$!


$($?$ ####### There were no monsters in sight!

Vanquished Creatures
  Sonja (D)
  A deep troll (D)
  A slime creature (D)
  Sigmund (D)
  A yak (D)
  An ogre (D)
  A jelly (D)
  Ijyb (D)
8 creatures vanquished.

Notes
Turn   | Place    | Note
-------+----------+-------------------------------------------
     0 | D        | Kidiri the Deep Elf Fire Elementalist began the quest for the Orb.
     0 | D        | Reached XP level 1. HP: 10/10 MP: 6/6
     2 | D        | Noticed Ijyb
     7 | D        | Killed Ijyb
     7 | D        | Reached skill level 6 in Spellcasting
     7 | D        | Reached XP level 2. HP: 15/15 MP: 1/11
    11 | D        | Learned a level 2 spell: Throw Flame
    90 | D        | Noticed an ogre
    99 | D        | Killed an ogre
    99 | D        | Reached skill level 9 in Spellcasting
    99 | D        | Reached skill level 5 in Conjurations
    99 | D        | Reached skill level 5 in Fire Magic
    99 | D        | Reached XP level 3. HP: 19/19 MP: 7/15
    99 | D        | Reached XP level 4. HP: 24/24 MP: 7/17
   104 | D        | Learned a level 3 spell: Conjure Flame
   108 | D        | Learned a level 3 spell: Inner Flame
   113 | D        | Learned a level 4 spell: Sticky Flame
   182 | D        | Noticed Sigmund
   186 | D        | Killed Sigmund
   186 | D        | Reached skill level 10 in Spellcasting
   186 | D        | Reached XP level 5. HP: 23/31 MP: 11/20
   186 | D        | Reached XP level 6. HP: 27/36 MP: 11/21
   193 | D        | Learned a level 5 spell: Fireball
   270 | D        | Found a burning altar of Makhleb.
   270 | D        | Found a shimmering altar of Xom.
   270 | D        | Noticed a slime creature
   272 | D        | Found a viscous altar of Jiyva.
   272 | D        | Found a corrupted altar of Lugonu.
   275 | D        | Killed a slime creature
   275 | D        | Reached skill level 5 in Dodging
   275 | D        | Reached skill level 11 in Spellcasting
   348 | D        | Found a deep blue altar of Sif Muna.
   350 | D        | Found a radiant altar of Vehumet.
   362 | D        | Became a worshipper of Vehumet
   403 | D        | Found Dokon's Gadget Emporium.
   403 | D        | Found an ancient bone altar of Kikubaaqudgha.
   403 | D        | Found a hazy altar of Hepliaklqana.
   403 | D        | Found a stormy altar of Qazlal.
   403 | D        | Found a hide-covered altar of Uskayaw.
   403 | D        | Found a blossoming altar of Fedhas.
   403 | D        | Found a bloodstained altar of Trog.
   403 | D        | Found an iron altar of Okawaru.
   403 | D        | Found a basalt altar of Yredelemnul.
   403 | D        | Found a glowing golden altar of the Shining One.
   403 | D        | Found a snail-covered altar of Cheibriados.
   403 | D        | Found a sacrificial altar of Ru.
   403 | D        | Found a glowing silver altar of Zin.
   403 | D        | Found a shadowy altar of Dithmenos.
   403 | D        | Found a white marble altar of Elyvilon.
   403 | D        | Noticed a yak
   404 | D        | Found an opulent altar of Gozag.
   409 | D        | Killed a yak
   409 | D        | Reached skill level 12 in Spellcasting
   409 | D        | Reached XP level 7. HP: 36/42 MP: 15/24
   410 | D        | Found a sparkling altar of Nemelex Xobeh.
   453 | D        | Noticed Sonja
   457 | D        | Killed Sonja
   457 | D        | Reached skill level 13 in Spellcasting
   457 | D        | Reached XP level 8. HP: 48/48 MP: 5/27
   578 | D        | Found Jam Fuz's Antique Weapon Boutique.
   599 | D        | Noticed a deep troll
   616 | D        | Killed a deep troll
   616 | D        | Reached * piety under Vehumet
   616 | D        | Offered knowledge of Magic Dart by Vehumet.
   616 | D        | Reached skill level 5 in Fighting
   616 | D        | Reached skill level 5 in Armour
   616 | D        | Reached skill level 14 in Spellcasting
   631 | D        | Found Pyrhic's Armour Emporium.
   641 | D        | Bought a +1 robe for 77 gold pieces
   641 | D        | Bought a +0 pair of gloves for 45 gold pieces
   708 | D        | Killed by an exploding ballistomycete spore

Vault maps used:
D:        dungeon_sprint_1

Skill      XL: |  1  2  3  4  5  6  7  8 |
---------------+-------------------------+-----
Spellcasting   | 6 9 10 12 13 14 | 14.3
Conjurations   | 3 5 6 7 8 |  8.9
Fire Magic     | 4 5 6 8 9 |  9.4
Fighting       | 2 3 4 5 |  5.4
Armour         | 2 3 4 5 |  5.3
Dodging        | 4 6 7 8 |  8.3
Stealth        | |  2.4

Action                   |  1- 3 |  4- 6 |  7- 9 || total
-------------------------+-------+-------+-------++-------
Melee: Unarmed           |       |     1 |       ||     1
 Cast: Flame Tongue      |     8 |    12 |    16 ||    36
       Sticky Flame      |       |     3 |     1 ||     4
       Conjure Flame     |       |     1 |     2 ||     3
       Fireball          |       |       |     2 ||     2
Armor: Robe              |       |     1 |       ||     1
Dodge: Dodged            |     2 |     4 |     2 ||     8
